TOP OF THE 1ST |
Hagerstown Suns batting - Pitching for Wisconsin Timber Rattlers : RHP Matysh Ekmalyan
|
Pitching: RHP Matysh Ekmalyan
|
|
Batting: RHB Bobby Bricker
|
0-0: Foul Ball, location: 2F 0-1: SINGLE (Groundball, 6S, EV 67.5 MPH) (infield hit)
|
Batting: RHB John McNeill
|
0-0: Ball 1-0: Swinging Strike 1-1: Ball 2-1: Foul Ball, location: 2F 2-2: Strikes out swinging
|
Batting: RHB Bryan Wheeler
|
0-0: Ball 1-0: Called Strike 1-1: Ball 2-1: Ball 3-1: Swinging Strike 3-2: Foul Ball, location: 2F 3-2: Strikes out swinging
|
Batting: LHB Chance McWilliams
|
0-0: Ball Bobby Bricker steals 2nd base 1-0: Foul Ball, location: 2F 1-1: TRIPLE (Line Drive, 89XD, EV 106.9 MPH) Bobby Bricker scores
|
Pitching: RHP Danny Newbegin
|
|
Batting: RHB Nick Moreno
|
0-0: Ball 1-0: Called Strike 1-1: Swinging Strike 1-2: Ball 2-2: Strikes out looking
|
Top of the 1st over - 1 run, 2 hits, 0 errors, 1 left on base; Hagerstown 1 - Wisconsin 0 |
BOTTOM OF THE 1ST |
Wisconsin Timber Rattlers batting - Pitching for Hagerstown Suns : RHP Sentos Alatas
|
Pitching: RHP Sentos Alatas
|
|
Batting: SHB Aaron Neill
|
0-0: Swinging Strike 0-1: Called Strike 0-2: Ball 1-2: Foul Ball, location: 2F 1-2: Ball 2-2: Foul Ball, location: 2F 2-2: Foul Ball, location: 2F 2-2: Strikes out swinging
|
Batting: RHB Chris Maul
|
0-0: Ball 1-0: DOUBLE (Groundball, 5L, EV 106.2 MPH)
|
Batting: SHB Sam Bingham
|
0-0: Ball 1-0: Ball 2-0: Called Strike 2-1: Ball 3-1: Base on Balls
|
Batting: SHB Jerry Duffy
|
0-0: Ball Chris Maul steals 3rd base Sam Bingham to second 1-0: Ball 2-0: Swinging Strike 2-1: 3-RUN HOME RUN (Flyball, 7LD, EV 96.9 MPH), Distance : 343 ft
|
Batting: RHB Ryan Miller
|
0-0: Called Strike 0-1: Foul Ball, location: 2F 0-2: Strikes out swinging
|
Batting: LHB Greg Reedy
|
0-0: Called Strike 0-1: Ball 1-1: Foul Ball, location: 2F 1-2: Strikes out swinging
|
Bottom of the 1st over - 3 runs, 2 hits, 0 errors, 0 left on base; Hagerstown 1 - Wisconsin 3 |
TOP OF THE 2ND |
Hagerstown Suns batting - Pitching for Wisconsin Timber Rattlers : RHP Danny Newbegin
|
Batting: RHB Antonio Vallez
|
0-0: Foul Ball, location: 2F 0-1: Ball 1-1: Ground out 6-3 (Groundball, 6, EV 77.5 MPH)
|
Batting: RHB Jim Towle
|
0-0: Ball 1-0: Foul Ball, location: 2F 1-1: Foul Ball, location: 2F 1-2: Strikes out swinging
|
Batting: RHB Seth Rutz
|
0-0: Ball 1-0: Called Strike 1-1: Hit by Pitch
|
Batting: RHB Joe Young
|
0-0: Called Strike 0-1: SINGLE (Line Drive, 78S, EV 99.4 MPH) Seth Rutz to second
|
Batting: RHB Bobby Bricker
|
0-0: Ball 1-0: Called Strike 1-1: Ball 2-1: Ball 3-1: Reached on error, E6 (Groundball, 6, EV 103.1 MPH) Seth Rutz to third Joe Young to second
|
Batting: RHB John McNeill
|
0-0: Ball 1-0: Ball 2-0: Fielders Choice at 2nd, 6-4 (Groundball, 6, EV 87.5 MPH)
|
Top of the 2nd over - 0 runs, 1 hit, 1 error, 3 left on base; Hagerstown 1 - Wisconsin 3 |
BOTTOM OF THE 2ND |
Wisconsin Timber Rattlers batting - Pitching for Hagerstown Suns : RHP Sentos Alatas
|
Batting: RHB Jose Cerritos
|
0-0: Ball 1-0: Swinging Strike 1-1: Fly out, F4 (Flyball, 4D, EV 83.8 MPH)
|
Batting: RHB Victor Alarcon
|
0-0: Called Strike 0-1: Ball 1-1: Called Strike 1-2: Strikes out swinging
|
Batting: SHB Craig Wright
|
0-0: Called Strike 0-1: Called Strike 0-2: Strikes out swinging
|
Bottom of the 2nd over - 0 runs, 0 hits, 0 errors, 0 left on base; Hagerstown 1 - Wisconsin 3 |
TOP OF THE 3RD |
Hagerstown Suns batting - Pitching for Wisconsin Timber Rattlers : RHP Danny Newbegin
|
Batting: RHB Bryan Wheeler
|
0-0: Swinging Strike 0-1: Ball 1-1: Ground out 6-3 (Groundball, 6M, EV 104.4 MPH)
|
Batting: LHB Chance McWilliams
|
0-0: Ball 1-0: Called Strike 1-1: Foul Ball, location: 2F 1-2: DOUBLE (Line Drive, 9LS, EV 93.1 MPH)
|
Batting: RHB Nick Moreno
|
0-0: Called Strike 0-1: Swinging Strike 0-2: Foul Ball, location: 2F 0-2: Ball 1-2: Ball 2-2: Fly out, F9 (Flyball, 9, EV 85.6 MPH)
|
Batting: RHB Antonio Vallez
|
0-0: Called Strike 0-1: Swinging Strike 0-2: Foul Ball, location: 2F 0-2: Ball 1-2: Strikes out looking
|
Top of the 3rd over - 0 runs, 1 hit, 0 errors, 1 left on base; Hagerstown 1 - Wisconsin 3 |
BOTTOM OF THE 3RD |
Wisconsin Timber Rattlers batting - Pitching for Hagerstown Suns : RHP Sentos Alatas
|
Batting: SHB Aaron Neill
|
0-0: Ball 1-0: Ball 2-0: Foul Ball, location: 2F 2-1: Called Strike 2-2: Foul Ball, location: 2F 2-2: Strikes out swinging
|
Batting: RHB Chris Maul
|
0-0: Ball 1-0: Foul Ball, location: 2F 1-1: SINGLE (Groundball, 56D, EV 98.1 MPH)
|
Batting: SHB Sam Bingham
|
0-0: Ball 1-0: Swinging Strike 1-1: Foul Ball, location: 2F 1-2: Ball 2-2: SINGLE (Groundball, 34D, EV 105.0 MPH) Chris Maul to second Runner from 2nd tries for 3rd, SAFE, throw by RF made to third
|
Batting: SHB Jerry Duffy
|
0-0: 3-RUN HOME RUN (Flyball, 7LD, EV 94.4 MPH), Distance : 351 ft
|
Batting: RHB Ryan Miller
|
0-0: Ball 1-0: Foul Ball, location: 2F 1-1: Foul Ball, location: 2F 1-2: Ground out 3-1 (Groundball, 34, EV 91.2 MPH)
|
Batting: LHB Greg Reedy
|
0-0: Ball 1-0: Called Strike 1-1: Swinging Strike 1-2: Ball 2-2: Ground out 4-3 (Groundball, 4, EV 91.9 MPH)
|
Bottom of the 3rd over - 3 runs, 3 hits, 0 errors, 0 left on base; Hagerstown 1 - Wisconsin 6 |
TOP OF THE 4TH |
Hagerstown Suns batting - Pitching for Wisconsin Timber Rattlers : RHP Danny Newbegin
|
Batting: RHB Jim Towle
|
0-0: Called Strike 0-1: Called Strike 0-2: Fly out, F8 (Line Drive, 8RM, EV 98.1 MPH)
|
Pitching: RHP Jose Montoya
|
|
Batting: RHB Seth Rutz
|
0-0: Swinging Strike 0-1: Swinging Strike 0-2: Ball 1-2: Strikes out swinging
|
Batting: RHB Joe Young
|
0-0: Ball 1-0: Swinging Strike 1-1: DOUBLE (Line Drive, 7LM, EV 108.8 MPH)
|
Batting: RHB Bobby Bricker
|
0-0: Ball 1-0: Foul Ball, location: 2F 1-1: Foul Ball, location: 2F 1-2: Ball 2-2: Foul Ball, location: 2F 2-2: Ground out 6-3 (Groundball, 6, EV 88.1 MPH)
|
Top of the 4th over - 0 runs, 1 hit, 0 errors, 1 left on base; Hagerstown 1 - Wisconsin 6 |
BOTTOM OF THE 4TH |
Wisconsin Timber Rattlers batting - Pitching for Hagerstown Suns : RHP Sentos Alatas
|
Pitching: RHP Gary Simmons
|
|
Batting: RHB Jose Cerritos
|
0-0: Foul Ball, location: 2F 0-1: Swinging Strike 0-2: Foul Ball, location: 2F 0-2: Ball 1-2: Foul Ball, location: 2F 1-2: Strikes out swinging, 2-3 out at first.
|
Batting: RHB Victor Alarcon
|
0-0: Ball 1-0: Ball 2-0: Swinging Strike 2-1: Ground out 6-3 (Groundball, 6, EV 87.5 MPH)
|
Batting: SHB Craig Wright
|
0-0: Swinging Strike 0-1: Swinging Strike 0-2: Ball 1-2: Ball 2-2: Foul Ball, location: 2F 2-2: Ball 3-2: Strikes out swinging
|
Bottom of the 4th over - 0 runs, 0 hits, 0 errors, 0 left on base; Hagerstown 1 - Wisconsin 6 |
TOP OF THE 5TH |
Hagerstown Suns batting - Pitching for Wisconsin Timber Rattlers : RHP Jose Montoya
|
Batting: RHB John McNeill
|
0-0: Swinging Strike 0-1: Ground out 6-3 (Groundball, 6M, EV 90.0 MPH)
|
Batting: RHB Bryan Wheeler
|
0-0: SINGLE (Line Drive, 6MD, EV 110.0 MPH)
|
Batting: LHB Chance McWilliams
|
0-0: Called Strike 0-1: Ball 1-1: SINGLE (Line Drive, 6MD, EV 98.8 MPH) Bryan Wheeler to second
|
Batting: RHB Nick Moreno
|
0-0: 3-RUN HOME RUN (Flyball, 7LD, EV 96.2 MPH), Distance : 340 ft
|
Pitching: RHP Tony Acevedo
|
|
Batting: RHB Antonio Vallez
|
0-0: Called Strike 0-1: Ball 1-1: Foul Ball, location: 2F 1-2: Ball 2-2: Strikes out looking
|
Batting: RHB Jim Towle
|
0-0: Ball 1-0: Ball 2-0: Called Strike 2-1: Ball 3-1: Base on Balls
|
Batting: RHB Seth Rutz
|
0-0: Called Strike 0-1: Ball Jim Towle steals 2nd base 1-1: Ball 2-1: Ball 3-1: Ground out 6-3 (Groundball, 6, EV 85.6 MPH)
|
Top of the 5th over - 3 runs, 3 hits, 0 errors, 1 left on base; Hagerstown 4 - Wisconsin 6 |
BOTTOM OF THE 5TH |
Wisconsin Timber Rattlers batting - Pitching for Hagerstown Suns : RHP Gary Simmons
|
Batting: SHB Aaron Neill
|
0-0: Called Strike 0-1: Fly out, F8 (Flyball, 89D, EV 100.6 MPH)
|
Batting: RHB Chris Maul
|
0-0: Called Strike 0-1: Swinging Strike 0-2: Ball 1-2: Ball 2-2: Ball 3-2: Fly out, F9 (Flyball, 89S, EV 95.0 MPH)
|
Batting: SHB Sam Bingham
|
0-0: Called Strike 0-1: Swinging Strike 0-2: Ball 1-2: Ball 2-2: Ball 3-2: Foul Ball, location: 2F 3-2: Base on Balls
|
Batting: SHB Jerry Duffy
|
0-0: Ball 1-0: Called Strike 1-1: Ball 2-1: Ball 3-1: Base on Balls Sam Bingham to second
|
Batting: RHB Ryan Miller
|
0-0: Called Strike 0-1: Called Strike 0-2: Foul Ball, location: 2F 0-2: DOUBLE (Groundball, 3L, EV 105.6 MPH) Sam Bingham scores Jerry Duffy to third Runner from 3rd tries for Home, SAFE, throw by RF to trailing runner, SAFE at third!
|
Pitching: RHP Chris Bonham
|
|
Batting: LHB Greg Reedy
|
0-0: Ground out 2-3 (Groundball, 15S, EV 71.2 MPH)
|
Bottom of the 5th over - 2 runs, 1 hit, 0 errors, 1 left on base; Hagerstown 4 - Wisconsin 8 |
TOP OF THE 6TH |
Hagerstown Suns batting - Pitching for Wisconsin Timber Rattlers : RHP Tony Acevedo
|
Batting: RHB Joe Young
|
0-0: Ball 1-0: Ground out 2-3 (Groundball, 2R, EV 73.8 MPH)
|
Batting: RHB Bobby Bricker
|
0-0: Called Strike 0-1: Foul Ball, location: 2F 0-2: Ball 1-2: Ball 2-2: Ground out 6-3 (Groundball, 6, EV 90.6 MPH)
|
Batting: RHB John McNeill
|
0-0: Ball 1-0: SINGLE (Groundball, 56, EV 110.0 MPH)
|
Batting: RHB Bryan Wheeler
|
0-0: Called Strike John McNeill steals 2nd base 0-1: Ball 1-1: Foul Ball, location: 2F 1-2: Ball 2-2: Fly out, F9 (Flyball, 89M, EV 90.0 MPH)
|
Top of the 6th over - 0 runs, 1 hit, 0 errors, 1 left on base; Hagerstown 4 - Wisconsin 8 |
BOTTOM OF THE 6TH |
Wisconsin Timber Rattlers batting - Pitching for Hagerstown Suns : RHP Chris Bonham
|
Batting: RHB Jose Cerritos
|
0-0: Ball 1-0: Called Strike 1-1: Fly out, F8 (Line Drive, 8LD, EV 107.5 MPH)
|
Batting: RHB Victor Alarcon
|
0-0: Ball 1-0: Ball 2-0: Called Strike 2-1: Ball 3-1: Called Strike 3-2: Base on Balls
|
Batting: SHB Craig Wright
|
0-0: Called Strike 0-1: Ball 1-1: Ball 2-1: Ball 3-1: Fielders Choice at 2nd, 1-6 (Groundball, 23, EV 61.9 MPH)
|
Batting: SHB Aaron Neill
|
0-0: Called Strike 0-1: Ground out 4-3 (Groundball, 34S, EV 78.8 MPH)
|
Bottom of the 6th over - 0 runs, 0 hits, 0 errors, 1 left on base; Hagerstown 4 - Wisconsin 8 |
TOP OF THE 7TH |
Hagerstown Suns batting - Pitching for Wisconsin Timber Rattlers : RHP Tony Acevedo
|
Pitching: RHP Sal Contreras
|
|
Batting: LHB Chance McWilliams
|
0-0: Ground out 3-1 (Groundball, 34S, EV 68.1 MPH)
|
Batting: RHB Nick Moreno
|
0-0: Called Strike 0-1: Ground out 4-3 (Groundball, 4, EV 76.2 MPH)
|
Batting: RHB Antonio Vallez
|
0-0: Ball 1-0: Ground out 1-3 (Groundball, P, EV 68.8 MPH)
|
Top of the 7th over - 0 runs, 0 hits, 0 errors, 0 left on base; Hagerstown 4 - Wisconsin 8 |
BOTTOM OF THE 7TH |
Wisconsin Timber Rattlers batting - Pitching for Hagerstown Suns : RHP Chris Bonham
|
Batting: RHB Chris Maul
|
0-0: Ball 1-0: Called Strike 1-1: Ball 2-1: Ground out 5-3 (Groundball, 5, EV 97.5 MPH)
|
Batting: SHB Sam Bingham
|
0-0: Swinging Strike 0-1: Ball 1-1: Swinging Strike 1-2: Strikes out swinging
|
Batting: SHB Jerry Duffy
|
0-0: Ball 1-0: Ground out 6-3 (Groundball, 6, EV 106.2 MPH)
|
Bottom of the 7th over - 0 runs, 0 hits, 0 errors, 0 left on base; Hagerstown 4 - Wisconsin 8 |
TOP OF THE 8TH |
Hagerstown Suns batting - Pitching for Wisconsin Timber Rattlers : RHP Sal Contreras
|
Pitching: LHP Brian Rich
|
|
Batting: RHB Jim Towle
|
0-0: Ball 1-0: Ground out 1-3 (Groundball, 13, EV 65.6 MPH)
|
Batting: RHB Seth Rutz
|
0-0: Ball 1-0: Fly out, F8 (Flyball, 8LM, EV 92.5 MPH)
|
Batting: RHB Joe Young
|
0-0: Foul Ball, location: 2F 0-1: Ball 1-1: Swinging Strike 1-2: Strikes out swinging
|
Top of the 8th over - 0 runs, 0 hits, 0 errors, 0 left on base; Hagerstown 4 - Wisconsin 8 |
BOTTOM OF THE 8TH |
Wisconsin Timber Rattlers batting - Pitching for Hagerstown Suns : RHP Chris Bonham
|
Pitching: LHP Gregg Huddleston
|
|
Batting: RHB Ryan Miller
|
0-0: Ball 1-0: Ball 2-0: Ground out 6-3 (Groundball, 6, EV 106.2 MPH)
|
Batting: LHB Greg Reedy
|
0-0: Called Strike 0-1: Called Strike 0-2: Foul Ball, location: 2F 0-2: Ball 1-2: Strikes out swinging
|
Batting: RHB Jose Cerritos
|
0-0: Ball 1-0: Fly out, F7 (Flyball, 78M, EV 81.9 MPH)
|
Bottom of the 8th over - 0 runs, 0 hits, 0 errors, 0 left on base; Hagerstown 4 - Wisconsin 8 |
TOP OF THE 9TH |
Hagerstown Suns batting - Pitching for Wisconsin Timber Rattlers : LHP Brian Rich
|
Batting: RHB Bobby Bricker
|
0-0: Ball 1-0: Ball 2-0: Called Strike 2-1: Foul Ball, location: 2F 2-2: Strikes out swinging
|
Batting: RHB John McNeill
|
0-0: Ball 1-0: Called Strike 1-1: Ball 2-1: Ball 3-1: Called Strike 3-2: Base on Balls
|
Batting: RHB Bryan Wheeler
|
0-0: Ball 1-0: Ball Wild Pitch! John McNeill to second 2-0: Foul Ball, location: 2F 2-1: Ball 3-1: SINGLE (Groundball, 4MD, EV 98.8 MPH) John McNeill to third
|
Pitching: RHP Johnathan Starr
|
|
Batting: LHB Chance McWilliams
|
0-0: Called Strike 0-1: Called Strike 0-2: Ball 1-2: Foul Ball, location: 2F 1-2: Foul Ball, location: 2F 1-2: Ball 2-2: Ball 3-2: Base on Balls Bryan Wheeler to second
|
Batting: RHB Nick Moreno
|
0-0: Ball 1-0: Called Strike 1-1: Ball 2-1: Foul Ball, location: 2F 2-2: Ball Wild Pitch! John McNeill scores Bryan Wheeler to third Chance McWilliams to second 3-2: Fly out, F8 (Flyball, 89M, EV 87.5 MPH)
|
Batting: RHB Antonio Vallez
|
0-0: Called Strike 0-1: Ball 1-1: Ground out 4-3 (Groundball, 4, EV 90.0 MPH)
|
Top of the 9th over - 1 run, 1 hit, 0 errors, 2 left on base; Hagerstown 5 - Wisconsin 8 |
|